 Dungeon Sprint DCSS version 0.21-a0-251-g5e8393f (webtiles) character file.

27 Kidiri the Magician (level 2, -3/15 HPs)
             Began as a Deep Elf Fire Elementalist on Sept 5, 2017.
             Slain by a human (6 damage)
             ... in the Dungeon (Sprint III: "The Ten Rune Challenge").
             The game lasted 00:01:37 (156 turns).

Kidiri the Magician (Deep Elf Fire Elementalist)     Turns: 156, Time: 00:01:38

Health: -3/15      AC:  2    Str:  5    XL:     2   Next: 93%
Magic:  5/11       EV: 13    Int: 19    God:
Gold:   0          SH:  0    Dex: 15    Spells: 10/13 levels left

rFire    . . .     SeeInvis .   m - +0 dagger
rCold    . . .     Gourm    .   (no shield)
rNeg     . . .     Faith    .   a - +0 robe
rPois    .         Spirit   .   (no helmet)
rElec    .         Reflect  .   (no cloak)
rCorr    .         Harm     .   (no gloves)
MR       .....     NoTele   +   (no boots)
Stlth    ++........             (no amulet)
HPRegen  0.05/turn              (no ring)
MPRegen  0.12/turn              (no ring)

@: no status effects
A: no striking features
a: no special abilities


You were in the Dungeon.
You were not hungry.

You visited 1 branch

Inventory:

Hand Weapons
 m - a +0 dagger (weapon)
Armour
 a - a +0 robe (worn)
Scrolls
 i - a scroll of blinking
Potions
 d - a potion of curing
 e - a potion of heal wounds
 f - a potion of haste
 g - 2 potions of magic
 h - a potion of berserk rage
 k - a potion of cancellation {unknown}
 l - 2 potions of mutation {unknown}
Books
 b - a book of Flames

   Spells                             Type                      Level
   a - Flame Tongue                   Conjuration/Fire             1
   b - Throw Flame                    Conjuration/Fire             2
   c - Conjure Flame                  Conjuration/Fire             3
   d - Inner Flame                    Hexes/Fire                   3
   e - Sticky Flame                   Conjuration/Fire             4
   f - Fireball                       Conjuration/Fire             5
Comestibles
 c - a bread ration
 j - a chunk of flesh


   Skills:
 - Level 2.4 Dodging
 - Level 2.4 Stealth
 * Level 6.1 Spellcasting
 + Level 3.2 Conjurations
 + Level 4.6 Fire Magic


You had 10 spell levels left.
You knew the following spells:

 Your Spells              Type           Power        Failure   Level  Hunger
a - Flame Tongue          Conj/Fire      ###..        2%          1    None
b - Throw Flame           Conj/Fire      ###...       3%          2    None


Dungeon Overview and Level Annotations

Branches:
Dungeon (1/1)

Altars:


Message History

The human hits you!
* * * LOW HITPOINT WARNING * * *
The human misses you.
Casting: Flame Tongue
Confirm with . or Enter, or press ? or * to list all spells.
Aiming: Flame Tongue
Press: ? - help, Shift-Dir - straight line, f/p - human
Aim: a human (heavily wounded)
The flame tongue hits the human.
The human is severely wounded.
You see here a robe.
Casting: Flame Tongue
Confirm with . or Enter, or press ? or * to list all spells.
Aiming: Flame Tongue
Press: ? - help, Shift-Dir - straight line, f/p - human
Aim: a human (severely wounded)
The flame tongue hits the human.
The human appears unharmed.
The human is severely wounded.
The human hits you.
You die...

▓▓▓▓▓▓▓▓▓
▓<..#...####
▓...#......##
▓..##..[....#
▓##.##.##...# .#
##.##.###..# ..#
▓#@####.##..# ...+
▓p###÷.##..##
#p..# ▓#.....##..#
#....#
###..##...##.....#
##..##....#......#
#..###..##.# #..#
#..#### ▓▓▓▓ ▓▓▓▓


You could see a human.

Vanquished Creatures
  Jessica (D)
  2 rats (D)
3 creatures vanquished.

Vanquished Creatures (others)
  3 hellions (D)
3 creatures vanquished.

Grand Total: 6 creatures vanquished

Notes
Turn   | Place    | Note
-------+----------+-------------------------------------------
     0 | D        | Kidiri the Deep Elf Fire Elementalist began the quest for the Orb.
     0 | D        | Reached XP level 1. HP: 10/10 MP: 6/6
    67 | D        | Noticed Jessica
    71 | D        | Killed Jessica
    71 | D        | Reached skill level 6 in Spellcasting
    71 | D        | Reached XP level 2. HP: 15/15 MP: 4/11
    75 | D        | Learned a level 2 spell: Throw Flame
    84 | D        | Killed a hellion
   135 | D        | Killed a hellion
   154 | D        | Killed a hellion
   156 | D        | Slain by a human

Vault maps used:
D:        dungeon_sprint_mu

Skill      XL: |  1 |
---------------+----+-----
Spellcasting   | 6 |  6.1
Conjurations   | 3 |  3.2
Fire Magic     | 4 |  4.6
Dodging        | |  2.4
Stealth        | |  2.4

Action                   || total
-------------------------++-------
 Cast: Flame Tongue      ||    13
Dodge: Dodged            ||     2

Table legend:
 A = Spawn XP
 B = Non-spawn XP
 C = Spawn XP percentage of total XP
 D = Spawn monster count
 E = Non-spawn monster count
 F = Spawn count percentage of total count
 G = Total turns spent on level
                    A         B        C        D         E        F      G
               +---------+---------+-------+---------+---------+-------+---------
         Total |       0 |      39 |   0.0 |       0 |       3 |   0.0 |   156
               +---------+---------+-------+---------+---------+-------+---------
             D |       0 |      39 |   0.0 |       0 |       3 |   0.0 |   156
               +---------+---------+-------+---------+---------+-------+---------
